Map: Ruins of Seras

Players

Jamileon - Winner!

  • Race: Protoss Protoss
  • League: Grandmaster

Chaos

  • Race: Terran Terran
  • League: Master

VOD

Have the link to the VOD?

Description

Time

  • Played on: Nov. 25, 2015, 7:49 p.m.
  • Length: 7:27
Show
View Real Time Build Order
Export as new Build Order

Jamileon Protoss - Winner!

Build Orders: 1 Gate Expand, Oracle Opening 

Get SALT Encoding   

  12  0:01  Probe (Chrono Boost)  
  13  0:11  Probe (Chrono Boost)  
  14  0:21  Pylon  
  14  0:22  Probe (Chrono Boost)  
  15  0:39  Probe (Chrono Boost)  
  15  0:42  Gateway  
  17  0:50  Probe (Chrono Boost)  
  17  0:54  Assimilator  
  17  1:00  Probe (Chrono Boost)  
  18  1:11  Probe (Chrono Boost)  
  19  1:25  Probe (Chrono Boost), Nexus  
  20  1:35  Cybernetics Core  
  20  1:38  Probe (Chrono Boost)  
  21  1:43  Assimilator  
  21  1:49  Probe (Chrono Boost)  
  22  1:55  Pylon  
  22  1:59  Probe (Chrono Boost)  
  23  2:13  Probe, Adept (Chrono Boost)  
  26  2:22  Stargate  
  26  2:26  Probe  
  26  2:29  Warp Gate  
  27  2:37  Adept (Chrono Boost)  
  29  2:38  Probe x2  
  31  2:48  Probe  
  31  2:50  Probe  
  33  2:59  Probe  
  33  3:00  Adept (Chrono Boost)  
  33  3:02  Probe  
  37  3:07  Oracle (Chrono Boost)  
  37  3:09  Probe  
  41  3:14  Probe  
  41  3:19  Assimilator  
  42  3:20  Probe, Assimilator  
  43  3:29  Probe  
  43  3:30  Probe  
  43  3:31  Pylon  
  45  3:39  Pylon  
  45  3:47  Probe x2  
  46  3:49  Oracle (Chrono Boost)  
  50  3:55  Robotics Facility  
  50  3:58  Probe  
  50  3:59  Probe  
  52  4:08  Probe  
  52  4:11  Probe  
  52  4:19  Probe  
  52  4:23  Probe  
  52  4:25  Phoenix (Chrono Boost)  
  52  4:29  Gateway, Probe  
  52  4:30  Gateway  
  53  4:33  Gateway  
  53  4:35  Probe  
  54  4:38  Sentry  
  54  4:44  Phoenix (Chrono Boost)  
  54  4:45  Observer (Chrono Boost)  
  57  4:47  Mothership Core  
  61  5:01  Probe  
  61  5:04  Twilight Council  
  62  5:11  Pylon  
  62  5:12  Pylon  
  62  5:14  Pylon  
  62  5:27  Probe, Observer (Chrono Boost), Resonating Glaives (Chrono Boost)  
  62  5:28  Phoenix (Chrono Boost)  
  62  5:29  Probe  
  63  5:39  Probe  
  64  5:45  Gateway, Warp Prism  
  64  5:47  Gateway  
  64  5:49  Gateway  
  66  5:52  Phoenix (Chrono Boost)  
  68  6:01  Pylon  
  68  6:14  Phoenix (Chrono Boost)  
  68  6:15  Adept x3  
  68  6:16  Adept  
  78  6:25  Pylon  
  78  6:26  Pylon  
  78  6:35  Gateway  
  78  6:36  Phoenix (Chrono Boost)  
  80  6:52  Adept x5  
  80  6:53  Adept x2  
  94  6:57  Phoenix (Chrono Boost)  
  96  7:13  Adept x4  
  96  7:14  Adept x3  
  110  7:20  Pylon  
Show
View Real Time Build Order
Export as new Build Order

Chaos Terran 

Build Orders:  

Get SALT Encoding   

  12  0:00  SCV  
  13  0:12  SCV  
  14  0:18  Supply Depot  
  14  0:25  SCV  
  15  0:39  SCV  
  15  0:40  Barracks  
  16  0:46  Refinery  
  16  0:51  SCV  
  17  1:03  SCV  
  18  1:16  SCV  
  19  1:28  Barracks Reactor, Orbital Command  
  19  1:46  Command Center  
  19  1:54  SCV  
  19  2:00  Supply Depot  
  20  2:05  Marine  
  20  2:06  SCV  
  22  2:09  Marine  
  23  2:21  SCV  
  24  2:23  Factory  
  24  2:30  Marine x2  
  24  2:35  SCV  
  27  2:42  Refinery  
  27  2:47  SCV  
  27  2:48  Marine x2  
  30  2:59  SCV, Orbital Command  
  31  3:08  Factory Tech Lab, Starport  
  31  3:11  SCV  
  32  3:17  Marine  
  33  3:20  Marine  
  33  3:23  SCV  
  33  3:26  SCV  
  36  3:27  Cyclone  
  39  3:35  Supply Depot, SCV  
  39  3:37  Marine  
  39  3:39  SCV  
  42  3:45  Supply Depot  
  42  3:46  Medivac  
  44  3:52  Marine  
  44  3:54  SCV  
  46  3:57  SCV, Supply Depot  
  47  4:06  SCV  
  36  4:20  SCV x2, Marine x2  
  37  4:32  SCV  
  38  4:41  Command Center  
  38  4:48  SCV  
  38  4:49  SCV  
  38  4:51  Cyclone  
  43  4:59  Marine  
  41  5:00  Marine  
  41  5:04  SCV x2  
  44  5:16  SCV, Starport Tech Lab  
  45  5:22  Barracks  
  45  5:23  Barracks  
  45  5:30  SCV x2  
  40  5:36  Marine x2  
  40  5:42  SCV x2  
  44  5:43  Engineering Bay  
  44  5:47  Refinery x2  
  44  5:48  Starport Reactor  
  42  5:55  SCV x2  
  44  6:03  Orbital Command  
  44  6:07  SCV  
  44  6:18  SCV  
  43  6:19  SCV  
  43  6:24  Factory Tech Lab  
  44  6:28  SCV  
  44  6:30  SCV  
  44  6:31  SCV  
  47  6:40  SCV  
  47  6:42  SCV  
  47  6:44  SCV  
  50  6:48  Marine x3  
  50  6:49  Marauder  
  50  6:53  SCV  
  56  6:54  SCV  
  56  6:56  SCV  
  56  6:59  Missile Turret  
  58  7:05  SCV  
  58  7:06  SCV  
  63  7:08  SCV  
Tags
 
Add a new tag
Caveats
  • Supply blocks, unpowered buildings, or Contaminate may cause inaccurate times.
  • Supply counts are checked every 10 seconds.